 Dungeon Crawl Stone Soup version 0.18.1-50-g88ac8fd (webtiles) character file.

66 Chiseanne the Sneak (level 3, -1/18 HPs)
             Began as a Spriggan Assassin on Mar 30, 2017.
             Slain by a gnoll
             ... wielding a +2 halberd of flaming
              (19 damage)
             ... on level 2 of the Dungeon.
             The game lasted 00:03:30 (1600 turns).

Chiseanne the Sneak (Spriggan Assassin)             Turns: 1600, Time: 00:03:31

Health: -1/18      AC:  3    Str:  7    XL:     3   Next: 96%
Magic:  4/4        EV: 18    Int: 12    God:
Gold:   66         SH:  0    Dex: 18    Spells: 0 memorised, 2 levels left

rFire  . . .     SeeInvis +     w - +0 blowgun
rCold  . . .     Gourm    .     c - +0 robe
rNeg   . . .     Faith    .     (shield restricted)
rPois  .         Spirit   .     (helmet restricted)
rElec  .         Dismiss  .     d - +0 cloak
rCorr  .         Reflect  .     (gloves unavailable)
SustAt .         Harm     .     (boots unavailable)
MR     +....                    (no amulet)
Stlth  ++++......               (no ring)
                                h - ring of protection from magic

@: very quick, somewhat resistant to hostile enchantments, stealthy
A: unfitting armour, see invisible, herbivore 3, speed 3, slow metabolism 2
a: no special abilities


You were on level 2 of the Dungeon.
You were not hungry.

You visited 1 branch of the dungeon, and saw 2 of its levels.

You collected 66 gold pieces.

Inventory:

Hand Weapons
 a - a +2 dagger
 w - a +0 blowgun (weapon)
Missiles
 e - 5 poisoned needles (quivered)
 f - 2 curare-tipped needles
 i - 28 arrows
 j - 4 stones
 k - 18 sling bullets
Armour
 c - a +0 robe (worn)
 d - a +0 cloak (worn)
Jewellery
 h - a ring of protection from magic (left hand)
 o - a +3 ring of dexterity {unknown}
Scrolls
 b - a scroll of identify
 m - a scroll of blinking {unknown}
Potions
 l - a potion of agility {unknown}
Comestibles
 g - 3 bread rations
 n - a slice of pizza


   Skills:
 + Level 2.0 Fighting
 - Level 2.1 Short Blades
 + Level 2.6 Throwing
 + Level 3.1 Dodging
 * Level 6.8 Stealth


You had 2 spell levels left.
You didn't know any spells.

Dungeon Overview and Level Annotations

Branches:
Dungeon (2/15)

Altars:


Innate Abilities, Weirdness & Mutations

You are tiny and cannot use many weapons and most armour.
You have supernaturally acute eyesight.
You are a herbivore.
You cover ground extremely quickly.
You need consume almost no food.


Message History

Firing (i - inventory. (,) - cycle):
e - 8 poisoned needles (quivered)
Press: ? - help, Shift-Dir - straight line, f - gnoll
Aim: a gnoll, wielding a halberd of flaming (lightly wounded)
You shoot a poisoned needle. The poisoned needle hits the gnoll.
The gnoll is lightly wounded.
Firing (i - inventory. (,) - cycle):
e - 7 poisoned needles (quivered)
Press: ? - help, Shift-Dir - straight line, f/p - gnoll
Aim: a gnoll, wielding a halberd of flaming (lightly wounded)
You shoot a poisoned needle.
The poisoned needle barely misses the gnoll.
The poisoned needle completely misses the gnoll.
Firing (i - inventory. (,) - cycle):
e - 6 poisoned needles (quivered)
Press: ? - help, Shift-Dir - straight line, f/p - gnoll
Aim: a gnoll, wielding a halberd of flaming (lightly wounded)
You shoot a poisoned needle. The poisoned needle hits the gnoll.
The gnoll is poisoned.
The gnoll is lightly wounded.
The gnoll hits you from afar with a halberd of flaming!!
Ouch! That really hurt!
You die...

.........#########.#
#.#########.
#.##..........†)...#
#....†......
#.################.#
############ ..#
#.############## ###
#.........[.....
#.##############
###.# #...# #@#.#
#.#.# #g#.# #g#.#
#g#.# #.#.#
#....g<.. .(g......
### #..##.....


You could see 4 gnolls.

Vanquished Creatures
  An adder (D:2)
  2 dart slugs (D:1)
  A giant gecko (D:1)
  5 giant cockroaches
  8 goblins
  11 hobgoblins
  3 ball pythons (D:1)
  8 bats
  2 giant newts (D:1)
  4 kobolds
  2 rats (D:1)
47 creatures vanquished.

Notes
Turn   | Place    | Note
--------------------------------------------------------------
     0 | D:1      | Chiseanne the Spriggan Assassin began the quest for the Orb.
     0 | D:1      | Reached XP level 1. HP: 10/10 MP: 2/2
    44 | D:1      | Reached skill level 6 in Stealth
   114 | D:1      | Reached XP level 2. HP: 10/14 MP: 3/3
  1025 | D:1      | Reached XP level 3. HP: 17/18 MP: 4/4
  1600 | D:2      | Slain by a gnoll

Skill      XL: |  1  2  3 |
---------------+----------+-----
Stealth        | 6 |  6.8
Dodging        | 2 3 |  3.1
Fighting       | 2 |  2.0
Short Blades   | |  2.1
Throwing       | |  2.6

Action                   || total
-------------------------++-------
Melee: Dagger            ||   163
 Fire: Blowgun           ||    15
  Use: Scroll            ||     6
 Stab: Sleeping          ||     9
Armor: Robe              ||    21
Dodge: Dodged            ||   135
